[Event "January 9 Late 2024"]
[Site "https://www.chess.com"]
[Date "2024.01.09"]
[Round "8"]
[White "Onufrienko, Vladislav"]
[Black "Ladan, Nicholas"]
[Result "0-1"]
[Board "74"]
[TimeControl "180+1"]
[WhiteFideId "13804332"]
[BlackFideId "30918855"]
[WhiteElo "2609"]
[BlackElo "2499"]
[WhiteTeam "KGZ"]
[BlackTeam "USA"]
[WhiteClock "0:02:07"]
[BlackClock "0:01:08"]

1. e4 e5 2. Nf3 Nc6 3. Nc3 Nf6 4. h3 a6 5. d4 exd4 6. Nxd4 Bb4 7. Nxc6 bxc6 8. Bd3 d5 9. exd5 cxd5 10. O-O O-O 11. Qf3 h6 12. Ne2 Bb7 13. Ng3 Rb8 14. Nf5 Ne4 15. Bxh6 gxh6 16. Bxe4 dxe4 17. Nxh6+ Kg7 18. Nf5+ Kg6 19. Qg4+ Qg5 20. Ne7+ Bxe7 21. Qd7 e3 22. f3 e2 23. Rfe1 Rbd8 24. Qxc7 Qc5+ 25. Qxc5 Bxc5+ 26. Kh2 Rfe8 27. c3 Bf2 28. b4 Bxe1 0-1

[Event "January 9 Late 2024"]
[Site "https://www.chess.com"]
[Date "2024.01.09"]
[Round "8"]
[White "Espinoza Villanueva, Rodrigo"]
[Black "Novikov, Evgenij"]
[Result "0-1"]
[Board "75"]
[TimeControl "180+1"]
[WhiteFideId "5140188"]
[BlackFideId "4125380"]
[WhiteElo "2600"]
[BlackElo "2494"]
[WhiteTeam "MEX"]
[BlackTeam "RUS"]
[WhiteClock "0:00:17"]
[BlackClock "0:00:05"]

1. e4 c6 2. Nf3 d5 3. exd5 cxd5 4. Ne5 Nf6 5. d4 Nc6 6. c3 Qc7 7. f4 Bf5 8. Bb5 a6 9. Qa4 Bd7 10. Nxd7 Nxd7 11. Bd3 e6 12. O-O Bd6 13. Nd2 Bxf4 14. Nf3 Bxc1 15. Raxc1 O-O 16. Rfe1 Rae8 17. Qc2 g6 18. c4 Nb4 19. Qb3 Nxd3 20. Qxd3 dxc4 21. Rxc4 Qb6 22. b3 e5 23. Kh1 exd4 24. Rxe8 Rxe8 25. h3 Ne5 26. Nxe5 Rxe5 27. Qxd4 Qxd4 28. Rxd4 Re2 29. a4 Re7 30. Kh2 Kf8 31. Kg3 Ke8 32. Kf4 h6 33. Rb4 Kd8 34. h4 Kc7 35. h5 Kc6 36. g4 Kc5 37. Rc4+ Kd5 38. Rc8 b5 39. axb5 axb5 40. Rh8 gxh5 41. gxh5 Re6 42. Kf5 Kc5 43. Rh7 Kb4 44. Rxf7 Re1 45. Kg6 Re6+ 46. Kf5 Rb6 47. Re7 Kxb3 48. Re3+ Kc2 49. Re2+ Kd3 50. Rb2 b4 51. Rb3+ Kc2 52. Rg3 b3 53. Rg2+ Kc3 54. Rg6 Rb5+ 55. Kf4 Rxh5 56. Rc6+ Kb2 57. Kg4 Rh2 58. Kg3 Rc2 59. Rxh6 Ka2 60. Ra6+ Kb1 61. Kf3 b2 62. Ke3 Kc1 63. Rb6 b1=Q 64. Rxb1+ Kxb1 65. Kd3 Kb2 66. Kd4 Rc3 0-1

[Event "January 9 Late 2024"]
[Site "https://www.chess.com"]
[Date "2024.01.09"]
[Round "8"]
[White "Sowa, Ryan"]
[Black "Hejazipour, Mitra"]
[Result "1-0"]
[Board "76"]
[TimeControl "180+1"]
[WhiteFideId "30901693"]
[BlackFideId "12505951"]
[WhiteElo "2593"]
[BlackElo "2483"]
[WhiteTeam "USA"]
[BlackTeam "FRA"]
[WhiteClock "0:00:58"]
[BlackClock "0:00:50"]

1. Nf3 Nf6 2. b3 g6 3. Bb2 Bg7 4. g3 d5 5. Bg2 O-O 6. c4 c5 7. cxd5 Nxd5 8. Bxg7 Kxg7 9. O-O Nc6 10. Qc1 Qd6 11. Nc3 b6 12. Nxd5 Qxd5 13. Qc3+ f6 14. Ne5 Qxe5 15. Qxe5 fxe5 16. Bxc6 Rb8 17. d3 Bh3 18. Rfc1 Rf6 19. Be4 Rbf8 20. f3 Bf5 21. Rc4 Be6 22. Rc3 Bf5 23. Rb1 Bxe4 24. dxe4 Rd6 25. Rb2 Rfd8 26. Kf2 Rd2 27. Rcc2 Rd1 28. b4 cxb4 29. Rxb4 R1d2 30. Rbb2 R2d7 31. Rc6 Rd6 32. Rc7 R8d7 33. Rbc2 Kf6 34. h4 Ke6 35. Ke3 a6 36. Rc8 Rd8 37. R8c7 b5 38. Ra7 R8d7 39. Rcc7 Rxc7 40. Rxc7 Kf7 41. Ra7 Ke6 42. Ra8 Rc6 43. g4 Kd6 44. Kf2 Kc5 45. Rh8 Kb4 46. Rxh7 Re6 47. Rh6 Ka3 48. h5 Rd6 49. Rxg6 e6 50. h6 Rd8 51. h7 Rh8 52. Rh6 Kxa2 53. g5 b4 54. g6 b3 55. g7 Rxh7 56. Rxh7 b2 57. Rh1 1-0

[Event "January 9 Late 2024"]
[Site "https://www.chess.com"]
[Date "2024.01.09"]
[Round "8"]
[White "Golubev, Mikhail"]
[Black "Li, Tedric"]
[Result "1-0"]
[Board "77"]
[TimeControl "180+1"]
[WhiteFideId "14100983"]
[BlackFideId "3242897"]
[WhiteElo "2589"]
[BlackElo "2479"]
[WhiteTeam "UKR"]
[BlackTeam "AUS"]
[WhiteClock "0:00:12"]
[BlackClock "0:00:46"]

1. e4 c6 2. Nf3 d5 3. Nc3 Bg4 4. h3 Bxf3 5. Qxf3 Nf6 6. g3 e6 7. Bg2 Bb4 8. e5 Nfd7 9. Qe2 O-O 10. a3 Be7 11. d4 c5 12. dxc5 Nxc5 13. O-O Nc6 14. Bf4 Nd7 15. h4 a6 16. Rad1 b5 17. Nxd5 exd5 18. Bxd5 Qb6 19. e6 Nf6 20. exf7+ Kh8 21. Bxc6 Qxc6 22. Qxe7 Qxc2 23. Be5 Ng4 24. Bc3 Qf5 25. Rd7 Rac8 26. Qg5 Qg6 27. Qxg6 hxg6 28. Re1 Kh7 29. Re6 a5 30. Rb6 b4 31. axb4 axb4 32. Rxb4 Nf6 33. Bxf6 gxf6 34. Rbb7 Kg7 35. Kg2 Rc4 36. b4 Rc3 37. b5 Rb3 38. Re7 Rb2 39. g4 Rb4 40. Kg3 Rb3+ 41. f3 Rb4 42. g5 fxg5 43. hxg5 Rb3 44. Kg4 Rb4+ 45. f4 Rc4 46. Re8 Rxf7 47. Ree7 Rxe7 48. Rxe7+ Kf8 49. Re6 Kf7 50. Rf6+ Kg7 51. b6 Rb4 52. Rc6 Rb3 53. Rc7+ Kf8 54. b7 Ke8 55. Rc8+ Kd7 56. b8=Q Rxb8 57. Rxb8 Ke7 58. Rb6 Kf7 59. Rf6+ Kg7 60. f5 gxf5+ 61. Kh5 Kh7 62. Rxf5 Kg7 63. g6 Kg8 64. Kh6 Kh8 65. Rf8# 1-0

[Event "January 9 Late 2024"]
[Site "https://www.chess.com"]
[Date "2024.01.09"]
[Round "8"]
[White "Garrido Diaz, Jose Antonio"]
[Black "Baltag, Iulian"]
[Result "0-1"]
[Board "78"]
[TimeControl "180+1"]
[WhiteFideId "24516252"]
[BlackFideId "13901419"]
[WhiteElo "2470"]
[BlackElo "2588"]
[WhiteTeam "ESP"]
[BlackTeam "MDA"]
[WhiteClock "0:01:18"]
[BlackClock "0:01:00"]

1. d4 d5 2. c4 e5 3. dxe5 d4 4. Nf3 Nc6 5. e3 Bb4+ 6. Bd2 dxe3 7. fxe3 Bc5 8. Nc3 Bf5 9. Be2 Nge7 10. O-O O-O 11. Kh1 Bd3 12. Bxd3 Qxd3 13. Qe2 Rad8 14. Rad1 Ng6 15. Qxd3 Rxd3 16. Ne4 Bxe3 17. Ne1 Rd4 18. Bxe3 Rxd1 19. Nc3 Rdd8 20. Nd5 Ncxe5 21. b3 c6 22. Nc3 a6 23. Nc2 Rfe8 24. Na4 Ng4 25. Bb6 Rd2 26. Nd4 Rf2 27. Rxf2 Re1+ 0-1

[Event "January 9 Late 2024"]
[Site "https://www.chess.com"]
[Date "2024.01.09"]
[Round "8"]
[White "Taboas Rodriguez, Daniel"]
[Black "Sliwicki, Damian"]
[Result "1-0"]
[Board "79"]
[TimeControl "180+1"]
[WhiteFideId "2208466"]
[BlackFideId "1127128"]
[WhiteElo "2586"]
[BlackElo "2468"]
[WhiteTeam "ESP"]
[BlackTeam "POL"]
[WhiteClock "0:01:27"]
[BlackClock "0:00:00"]

1. d4 Nf6 2. Nf3 e6 3. c4 Bb4+ 4. Nbd2 O-O 5. a3 Bxd2+ 6. Bxd2 d5 7. Bg5 h6 8. Bh4 Nbd7 9. e3 c6 10. Rc1 Qa5+ 11. Qd2 Qxd2+ 12. Nxd2 Re8 13. Bg3 e5 14. cxd5 Nxd5 15. Nb3 f5 16. dxe5 Nxe5 17. Be2 f4 18. exf4 Nd3+ 19. Kd2 Nxc1 20. Rxc1 Bf5 21. Na5 Re7 22. Bc4 Rd8 23. Bh4 g5 24. fxg5 Kh8 25. gxh6 Nf6+ 26. Kc3 Rd6 27. Nb3 b6 28. Nd4 1-0

[Event "January 9 Late 2024"]
[Site "https://www.chess.com"]
[Date "2024.01.10"]
[Round "8"]
[White "Rogov, Matfey"]
[Black "Hoeffer, David"]
[Result "0-1"]
[Board "80"]
[TimeControl "180+1"]
[WhiteFideId "44191308"]
[BlackFideId "24606766"]
[WhiteElo "2583"]
[BlackElo "2466"]
[WhiteTeam "RUS"]
[BlackTeam "GER"]
[WhiteClock "0:00:03"]
[BlackClock "0:00:55"]

1. e4 c5 2. Nc3 d6 3. f4 Nc6 4. Nf3 Bg4 5. Bc4 e6 6. O-O Nf6 7. d3 Nd4 8. e5 d5 9. Bb3 Nd7 10. Kh1 h5 11. Qe1 Bxf3 12. gxf3 h4 13. f5 Nxf5 14. Bxd5 exd5 15. e6 Nb6 16. Qe5 Qf6 17. Qc7 fxe6 18. Bf4 Ng3+ 19. hxg3 hxg3+ 20. Kg2 Rh2+ 21. Kg1 Qd4+ 22. Rf2 Qxf2# 0-1

[Event "January 9 Late 2024"]
[Site "https://www.chess.com"]
[Date "2024.01.09"]
[Round "8"]
[White "Tulchynskyi, Feliks"]
[Black "Joie, Sebastien"]
[Result "0-1"]
[Board "81"]
[TimeControl "180+1"]
[WhiteFideId "34127895"]
[BlackFideId "650420"]
[WhiteElo "2576"]
[BlackElo "2456"]
[WhiteTeam "UKR"]
[BlackTeam "FRA"]
[WhiteClock "0:00:10"]
[BlackClock "0:00:12"]

1. c4 e6 2. Nc3 d5 3. d4 Nf6 4. b3 c5 5. Nf3 cxd4 6. Nxd4 Bb4 7. Bd2 dxc4 8. Ndb5 a6 9. Na3 Bxa3 10. bxc4 Nc6 11. e3 O-O 12. Be2 Qe7 13. O-O Rd8 14. Qe1 Bb4 15. Bf3 Ne5 16. Be2 Rxd2 17. Qxd2 Ne4 18. Qd4 Nxc3 19. Bh5 Nc6 20. Qd3 e5 21. a3 Ba5 22. Rac1 Qg5 23. Bf3 Bf5 24. e4 Rd8 25. Qc2 Be6 26. Qb3 Nd4 27. Rxc3 Nxb3 28. Rxb3 b6 29. h4 Qxh4 30. Rc1 g5 31. g3 Qh6 32. Rbb1 g4 33. Bg2 Rd2 34. Rd1 Rxd1+ 35. Rxd1 Bxc4 36. Rd8+ Kg7 37. Rd1 Bb3 38. Rb1 Qd2 39. Bf1 Bc2 40. Rb2 Bc3 41. Ra2 Bd4 0-1

[Event "January 9 Late 2024"]
[Site "https://www.chess.com"]
[Date "2024.01.09"]
[Round "8"]
[White "Storn, Justin"]
[Black "Asish Panda"]
[Result "0-1"]
[Board "82"]
[TimeControl "180+1"]
[WhiteFideId "30922720"]
[BlackFideId "45012458"]
[WhiteElo "2443"]
[BlackElo "2576"]
[WhiteTeam "USA"]
[BlackTeam "IND"]
[WhiteClock "0:00:05"]
[BlackClock "0:00:05"]

1. g3 d5 2. Bg2 Nf6 3. Nf3 e6 4. d4 Be7 5. O-O O-O 6. c4 dxc4 7. Qc2 a6 8. a4 Bd7 9. Qxc4 Bc6 10. Bg5 Bd5 11. Qc2 Be4 12. Qc1 Nc6 13. e3 Qd5 14. Nc3 Qf5 15. Bxf6 Bxf3 16. Bxe7 Nxe7 17. e4 Qh5 18. Qe3 Bxg2 19. Kxg2 Ng6 20. f4 Qg4 21. Kh1 Rad8 22. f5 exf5 23. Rxf5 Rfe8 24. Raf1 f6 25. Nd5 Qxe4+ 26. Qxe4 Rxe4 27. Nxc7 Rdxd4 28. R5f2 Ne5 29. b3 Ng4 30. Rb2 h6 31. Rc1 Kh7 32. Na8 h5 33. Nb6 h4 34. gxh4 Ne5 35. Rf1 Rxh4 36. Rg2 Ng4 37. Kg1 Ne3 38. Nc4 Nxg2 39. Kxg2 b5 40. Ne3 Rd2+ 41. Kg3 Rdxh2 42. axb5 R4h3+ 43. Kf4 g5+ 44. Ke4 axb5 45. Rf5 Re2 46. Rxb5 Rexe3+ 47. Kf5 Re5+ 48. Kg4 Rxb5 49. b4 Rxb4+ 50. Kxh3 Rf4 51. Kg3 Kg6 0-1

[Event "January 9 Late 2024"]
[Site "https://www.chess.com"]
[Date "2024.01.09"]
[Round "8"]
[White "Avalos Parra, Joao"]
[Black "Mendez Fortes, Eduardo Jesus"]
[Result "0-1"]
[Board "83"]
[TimeControl "180+1"]
[WhiteFideId "3402541"]
[BlackFideId "3502376"]
[WhiteElo "2423"]
[BlackElo "2570"]
[WhiteTeam "CHI"]
[BlackTeam "CUB"]
[WhiteClock "0:00:00"]
[BlackClock "0:00:20"]

1. d4 Nf6 2. Nf3 d5 3. c4 e6 4. Nc3 Bb4 5. Qa4+ Nc6 6. e3 O-O 7. Bd2 Re8 8. a3 Bf8 9. Be2 dxc4 10. Bxc4 h6 11. Rd1 Bd7 12. Qc2 a6 13. O-O Qe7 14. b4 e5 15. d5 Nb8 16. e4 c5 17. b5 axb5 18. Nxb5 Bxb5 19. Bxb5 Rd8 20. a4 Nbd7 21. Rfe1 Qd6 22. Bc3 g6 23. Nd2 Qc7 24. Nc4 Bd6 25. Qd2 Kg7 26. f4 Kh7 27. f5 g5 28. Re3 Nb6 29. Nxb6 Qxb6 30. Rde1 c4 31. Kh1 Ng4 32. Rf3 Bc5 33. h3 Nf2+ 34. Kh2 Nd3 35. Rxd3 cxd3 36. Qxd3 f6 37. Qf3 Qc7 38. Qh5 Qg7 39. Rf1 Bd6 40. Bd2 Rdc8 41. Be3 Rc2 42. Rf3 Rac8 43. Rg3 R2c7 44. h4 Qf7 45. Qg4 h5 46. Qe2 g4 47. Qb2 Rc2 48. Qb3 R8c3 49. Qb1 Qc7 50. Qf1 Rb2 51. Be8 Rbb3 52. Bxh5 Rxe3 53. Qb5 Rxb5 0-1

[Event "January 9 Late 2024"]
[Site "https://www.chess.com"]
[Date "2024.01.09"]
[Round "8"]
[White "Van Dael, Siem"]
[Black "Haszon, David"]
[Result "1-0"]
[Board "84"]
[TimeControl "180+1"]
[WhiteFideId "1049771"]
[BlackFideId "733610"]
[WhiteElo "2566"]
[BlackElo "2421"]
[WhiteTeam "NED"]
[BlackTeam "HUN"]
[WhiteClock "0:00:11"]
[BlackClock "0:00:04"]

1. e4 c5 2. c3 Nf6 3. e5 Nd5 4. Nf3 d6 5. exd6 e6 6. g3 Bxd6 7. Bg2 O-O 8. O-O Nc6 9. d4 cxd4 10. Nxd4 Nxd4 11. Qxd4 Qe7 12. c4 Bc5 13. Qd1 Nb4 14. a3 Rd8 15. Qb3 Nc6 16. Nc3 Nd4 17. Qa2 a5 18. Be3 Nf5 19. Bxc5 Qxc5 20. Rad1 Bd7 21. Ne4 Qc7 22. c5 Bc6 23. Qb1 Ba4 24. b3 Bc6 25. b4 Ba4 26. Rc1 Rd4 27. b5 Rad8 28. Nc3 Rc4 29. Nxa4 Rxa4 30. b6 Qe7 31. Qb3 Rad4 32. c6 bxc6 33. b7 Rb8 34. Rxc6 Rdd8 35. Ra6 Nd4 36. Qb6 Ne2+ 37. Kh1 Qxa3 38. Rxa5 Qe7 39. Ra8 Nc3 40. Rc1 Nd5 41. Bxd5 exd5 42. Qxd8+ Rxd8 43. Rxd8+ Qxd8 44. Rc8 Qxc8 45. bxc8=Q# 1-0

[Event "January 9 Late 2024"]
[Site "https://www.chess.com"]
[Date "2024.01.09"]
[Round "8"]
[White "Sadovsky, Artem"]
[Black "Kornyukov, Alexey"]
[Result "1-0"]
[Board "85"]
[TimeControl "180+1"]
[WhiteFideId "4155840"]
[BlackFideId "4150457"]
[WhiteElo "2557"]
[BlackElo "2297"]
[WhiteTeam "FID"]
[BlackTeam "RUS"]
[WhiteClock "0:00:53"]
[BlackClock "0:00:00"]

1. Nf3 d5 2. e3 c5 3. b3 a6 4. Bb2 Nc6 5. Be2 d4 6. O-O g6 7. exd4 cxd4 8. Re1 Bg7 9. c3 Nh6 10. Na3 Nf5 11. Bd3 O-O 12. Nc2 e5 13. Be4 dxc3 14. dxc3 Qc7 15. Bxc6 bxc6 16. Qe2 Re8 17. c4 e4 18. Bxg7 Kxg7 19. Nfd4 c5 20. Nxf5+ Bxf5 21. Ne3 Be6 22. Qb2+ Kg8 23. Rad1 f5 24. Qf6 Rad8 25. h4 f4 26. Rxd8 Qxd8 27. Qxf4 Qd2 28. Rd1 Qxa2 29. h5 Rf8 30. Qg3 Rf6 31. h6 Qxb3 32. Rd8+ 1-0

[Event "January 9 Late 2024"]
[Site "https://www.chess.com"]
[Date "2024.01.09"]
[Round "8"]
[White "Brodsky, David"]
[Black "Albuquerque Junior,Wellington S."]
[Result "1-0"]
[Board "86"]
[TimeControl "180+1"]
[WhiteFideId "2073250"]
[BlackFideId "2151480"]
[WhiteElo "2813"]
[BlackElo "2375"]
[WhiteTeam "USA"]
[BlackTeam "BRA"]
[WhiteClock "0:00:32"]
[BlackClock "0:00:00"]

1. d4 Nf6 2. Nf3 c5 3. d5 g6 4. Nc3 d6 5. e4 Bg7 6. Bb5+ Nfd7 7. a4 O-O 8. O-O Na6 9. Re1 Nc7 10. Bf1 Rb8 11. a5 b5 12. axb6 axb6 13. Nb5 Nxb5 14. Bxb5 h6 15. c3 Kh7 16. Nd2 Nf6 17. Ra7 Rb7 18. Rxb7 Bxb7 19. Nc4 Qc7 20. Bf4 Nh5 21. Be3 Rb8 22. Qf3 Nf6 23. h3 Bc8 24. Bf4 Bd7 25. Na3 Bxb5 26. Nxb5 Qd7 27. c4 Ra8 28. e5 dxe5 29. Bxe5 Kg8 30. d6 Re8 31. Ra1 Nh7 32. Bxg7 Kxg7 33. Ra7 Qe6 34. Qc3+ Qf6 35. dxe7 Qxc3 36. bxc3 1-0

[Event "January 9 Late 2024"]
[Site "https://www.chess.com"]
[Date "2024.01.09"]
[Round "8"]
[White "Play, Gilles"]
[Black "Rohan, Ahuja"]
[Result "0-1"]
[Board "87"]
[TimeControl "180+1"]
[WhiteFideId "45130892"]
[BlackFideId "5090598"]
[WhiteElo "2523"]
[BlackElo "2717"]
[WhiteTeam "FRA"]
[BlackTeam "IND"]
[WhiteClock "0:00:00"]
[BlackClock "0:00:23"]

1. e4 e5 2. Nf3 Nc6 3. c3 d5 4. Qa4 f6 5. d3 Ne7 6. Be3 Bd7 7. Nbd2 d4 8. cxd4 Nxd4 9. Qd1 c5 10. Nc4 Nec6 11. Nh4 Be6 12. Be2 b5 13. Na3 Be7 14. O-O O-O 15. Bg4 Bf7 16. Nf5 Nxf5 17. Bxf5 a6 18. Rc1 Nd4 19. Bg4 Bxa2 20. f4 Bb3 21. Qe1 exf4 22. Bxf4 Kh8 23. Qg3 Be6 24. Rce1 Qd7 25. Bh5 Rg8 26. Bg6 Rgd8 27. Qh4 Bg8 28. Re3 Ne6 29. Rh3 Ng5 30. Bxg5 fxg5 31. Qh5 h6 32. Bf5 Qd4+ 33. Kh1 c4 34. Qg6 Rd6 35. Qh5 cxd3 36. Nb1 Qxb2 0-1

[Event "January 9 Late 2024"]
[Site "https://www.chess.com"]
[Date "2024.01.09"]
[Round "8"]
[White "Hambleton, Aman"]
[Black "Benedetti, Julio"]
[Result "0-1"]
[Board "88"]
[TimeControl "180+1"]
[WhiteFideId "2606577"]
[BlackFideId "172545"]
[WhiteElo "2699"]
[BlackElo "2516"]
[WhiteTeam "CAN"]
[BlackTeam "ARG"]
[WhiteClock "0:00:01"]
[BlackClock "0:01:12"]

1. d4 Nf6 2. Bf4 c5 3. e3 Qb6 4. Na3 d6 5. Nc4 Qc7 6. a4 g6 7. c3 Bg7 8. h3 O-O 9. Nf3 b6 10. Bd3 Bb7 11. O-O Nbd7 12. Re1 Rfe8 13. Bh2 Ne4 14. Ncd2 Nxd2 15. Nxd2 Nf6 16. a5 bxa5 17. Qa4 Bc6 18. Qxa5 Qb7 19. Ba6 Qxb2 20. Reb1 Qxd2 21. Ra2 Rab8 22. Rxd2 Rxb1+ 23. Bf1 Bb5 24. Qxb5 Rxb5 25. Bxb5 Rb8 26. Bd3 c4 27. Bc2 Rb2 28. f3 a5 29. Kf2 a4 30. Ke2 a3 31. Bd1 0-1

[Event "January 9 Late 2024"]
[Site "https://www.chess.com"]
[Date "2024.01.10"]
[Round "8"]
[White "Baziuk, Vladyslav"]
[Black "Saha, Ananda"]
[Result "1-0"]
[Board "89"]
[TimeControl "180+1"]
[WhiteFideId "34107940"]
[BlackFideId "2619644"]
[WhiteElo "2667"]
[BlackElo "2506"]
[WhiteTeam "UKR"]
[BlackTeam "CAN"]
[WhiteClock "0:00:15"]
[BlackClock "0:00:03"]

1. e4 e6 2. d4 d5 3. e5 c5 4. c3 Nc6 5. Nf3 Nge7 6. Na3 cxd4 7. cxd4 Nf5 8. Nc2 Qb6 9. Bd3 Nb4 10. Nxb4 Bxb4+ 11. Bd2 Bd7 12. Bxf5 exf5 13. O-O Be7 14. Bg5 Bxg5 15. Nxg5 h6 16. Nf3 g5 17. Rc1 O-O 18. Qd2 Qg6 19. Rc5 Be6 20. Rfc1 f4 21. Rc7 b6 22. Ne1 Rfc8 23. Rxc8+ Rxc8 24. Rxc8+ Bxc8 25. Qc2 Bf5 26. Qc7 Be6 27. Qc2 Bf5 28. Qd1 g4 29. f3 g3 30. h3 Qc6 31. Qd2 Qb5 32. Qxf4 Qxb2 33. Qxg3+ Kh7 34. Qf4 Bg6 35. g4 Qxa2 36. h4 h5 37. gxh5 Bxh5 38. Qg5 Bg6 39. h5 Bb1 40. Qf6 Qe2 41. Qxf7+ Kh6 42. Ng2 Qd1+ 43. Kh2 Qxd4 44. Qf6+ Kh7 45. Kg3 Qd2 46. Nf4 Qe1+ 47. Kg4 Qg1+ 48. Kh4 Qh1+ 49. Nh3 Qe1+ 50. Kg4 Qb4+ 51. f4 Qe1 52. Ng5+ Kg8 53. Qf7+ Kh8 54. Qf8# 1-0

[Event "January 9 Late 2024"]
[Site "https://www.chess.com"]
[Date "2024.01.09"]
[Round "8"]
[White "Rama, Tejas"]
[Black "Spichkin, Alexander"]
[Result "1-0"]
[Board "90"]
[TimeControl "180+1"]
[WhiteFideId "30907381"]
[BlackFideId "4144074"]
[WhiteElo "2625"]
[BlackElo "2472"]
[WhiteTeam "USA"]
[BlackTeam "RUS"]
[WhiteClock "0:00:09"]
[BlackClock "0:01:19"]

1. d4 e6 2. c4 f5 3. g3 Nf6 4. Bg2 Be7 5. Nf3 d6 6. Nc3 O-O 7. O-O a5 8. Re1 Ne4 9. Qc2 Nxc3 10. bxc3 Nc6 11. e4 fxe4 12. Rxe4 e5 13. Re1 Bf5 14. Qb3 Rb8 15. Be3 Bg4 16. Nd2 Bg5 17. c5+ Kh8 18. Bxg5 Qxg5 19. Ne4 Qg6 20. cxd6 cxd6 21. d5 Ne7 22. c4 Nf5 23. Qb6 Rbd8 24. Qxb7 Nd4 25. Qb2 Nf3+ 26. Bxf3 Bxf3 27. Nd2 e4 28. Nxf3 exf3 29. Re7 Qg4 30. h3 Qg5 31. Rae1 Rb8 32. Qc3 a4 33. c5 dxc5 34. Qxc5 h6 35. Qd4 a3 36. d6 Kh7 37. d7 Rbd8 38. Qd3+ Kh8 39. Re8 Kg8 40. Rxf8+ Kxf8 41. Qxf3+ Qf6 42. Qxf6+ gxf6 43. Rd1 Ke7 44. Kg2 Ke6 45. Kf3 Ke5 46. h4 h5 47. g4 hxg4+ 48. Kxg4 Ke6 49. h5 Ke7 50. Kf5 Kf7 51. h6 Ke7 52. h7 Kf7 53. h8=Q Rxh8 54. d8=Q Rh5+ 55. Ke4 Re5+ 56. Kf3 Kg6 57. Qg8+ Kf5 58. Qg4# 1-0

[Event "January 9 Late 2024"]
[Site "https://www.chess.com"]
[Date "2024.01.09"]
[Round "8"]
[White "Kraiouchkine, Nikita"]
[Black "Nilsen, Tobias Lang"]
[Result "0-1"]
[Board "91"]
[TimeControl "180+1"]
[WhiteFideId "2607140"]
[BlackFideId "1521624"]
[WhiteElo "2624"]
[BlackElo "2466"]
[WhiteTeam "CAN"]
[BlackTeam "NOR"]
[WhiteClock "0:01:27"]
[BlackClock "0:01:36"]

1. e4 e6 2. d4 d5 3. e5 c5 4. c3 Qb6 5. Nf3 Nc6 6. a3 Nh6 7. b4 cxd4 8. cxd4 Nf5 9. Bb2 Bd7 10. g4 Nfe7 11. Nc3 Ng6 12. Na4 Qd8 13. Nc5 Bxc5 14. bxc5 O-O 15. Qd2 f6 16. Bd3 fxe5 17. Nxe5 Ncxe5 18. dxe5 Qh4 19. Bxg6 hxg6 20. Qd4 Rf3 21. Bc1 Raf8 22. Be3 Bc6 23. a4 Rxe3+ 24. Qxe3 d4 25. Qb3 Bd5 26. Qg3 Qxg3 27. hxg3 Bxh1 28. Ke2 Be4 29. f4 Rd8 30. a5 a6 31. Ra4 Bc6 32. Rb4 Bb5+ 33. Kd2 Rd5 34. g5 d3 0-1

[Event "January 9 Late 2024"]
[Site "https://www.chess.com"]
[Date "2024.01.09"]
[Round "8"]
[White "Janaszak, Dawid"]
[Black "Andrews, Todd"]
[Result "0-1"]
[Board "92"]
[TimeControl "180+1"]
[WhiteFideId "1119206"]
[BlackFideId "2012456"]
[WhiteElo "2623"]
[BlackElo "2454"]
[WhiteTeam "POL"]
[BlackTeam "USA"]
[WhiteClock "0:00:00"]
[BlackClock "0:00:07"]

1. e4 e6 2. b3 d5 3. Bb2 dxe4 4. Nc3 Nf6 5. Qe2 Bb4 6. O-O-O Qe7 7. Kb1 a5 8. a4 O-O 9. g4 Nbd7 10. g5 Nd5 11. Nxe4 c6 12. h4 b5 13. h5 bxa4 14. g6 f5 15. gxh7+ Kxh7 16. Nh3 fxe4 17. Qxe4+ Rf5 18. Bd3 Nc5 19. Qg4 Nxd3 20. Qg6+ Kg8 21. cxd3 a3 22. Ba1 Qf7 23. Qg2 e5 24. Ng5 Nc3+ 25. Kc2 Qd5 26. Ne4 Nxe4 27. dxe4 Qc5+ 28. Kb1 Rxf2 29. Qg6 Be6 30. Qxe6+ Rf7 31. Rdf1 a2+ 32. Kxa2 Qc2+ 33. Bb2 a4 34. Qxf7+ Kh8 35. Qxg7+ Kxg7 36. Rhg1+ Kh8 0-1

[Event "January 9 Late 2024"]
[Site "https://www.chess.com"]
[Date "2024.01.09"]
[Round "8"]
[White "Blanco Diez, David"]
[Black "Yurovskykh, Oleksandr"]
[Result "0-1"]
[Board "93"]
[TimeControl "180+1"]
[WhiteFideId "32032927"]
[BlackFideId "14134020"]
[WhiteElo "2453"]
[BlackElo "2620"]
[WhiteTeam "ESP"]
[BlackTeam "UKR"]
[WhiteClock "0:00:02"]
[BlackClock "0:00:29"]

1. e4 e6 2. d3 c5 3. g3 Nc6 4. Bg2 d6 5. f4 Nf6 6. Nf3 Be7 7. O-O O-O 8. c3 Rb8 9. h3 b5 10. Be3 b4 11. g4 a5 12. g5 Nd7 13. h4 Ba6 14. c4 Nb6 15. f5 d5 16. cxd5 exd5 17. e5 Re8 18. Bf4 Bf8 19. e6 Rb7 20. exf7+ Rxf7 21. Bh3 c4 22. a3 cxd3 23. axb4 Bxb4 24. Nfd2 Nd4 25. Nc3 Ne2+ 26. Kh1 Nxc3 27. bxc3 Bxc3 28. Rc1 d4 29. Nf3 d2 30. Nxd2 Bxf1 31. Nxf1 Rxf5 32. Bxf5 Qd5+ 33. Kh2 Qxf5 34. Qf3 Rf8 35. Qc6 Qxf4+ 36. Ng3 Qxc1 0-1

[Event "January 9 Late 2024"]
[Site "https://www.chess.com"]
[Date "2024.01.09"]
[Round "8"]
[White "Koziol, Kamil"]
[Black "Mokshanov, Alexey"]
[Result "0-1"]
[Board "94"]
[TimeControl "180+1"]
[WhiteFideId "1161555"]
[BlackFideId "24121657"]
[WhiteElo "2458"]
[BlackElo "2605"]
[WhiteTeam "POL"]
[BlackTeam "RUS"]
[WhiteClock "0:00:03"]
[BlackClock "0:00:09"]

1. d4 d5 2. c4 e6 3. Nc3 Nf6 4. Nf3 Be7 5. g3 O-O 6. Bg2 dxc4 7. O-O Nc6 8. Bg5 Rb8 9. a4 Nd5 10. Bxe7 Qxe7 11. e3 Na5 12. Nd2 Nxc3 13. bxc3 c5 14. Qe2 b6 15. h4 Bb7 16. e4 cxd4 17. cxd4 c3 18. Nf3 Rbc8 19. Qc2 Rfd8 20. Rfd1 Qb4 21. Rab1 Qa3 22. e5 g6 23. Ng5 Bxg2 24. Kxg2 Nc6 25. Qe4 Ne7 26. Qf4 Nf5 27. Ne4 c2 28. Nf6+ Kg7 29. h5 cxb1=Q 30. Rxb1 Rxd4 31. Qg5 h6 32. Ne8+ Rxe8 33. Qf6+ Kg8 34. hxg6 Qe7 35. gxf7+ Qxf7 36. Qxf7+ Kxf7 37. Rh1 Kg6 38. g4 Rxg4+ 39. Kf3 Rg5 40. Kf4 Rf8 41. Rc1 Ne7+ 42. Ke4 Nd5 43. Rc6 Rf4+ 44. Kd3 Rxe5 45. Rc8 Nb4+ 46. Kc3 Rc5+ 0-1

[Event "January 9 Late 2024"]
[Site "https://www.chess.com"]
[Date "2024.01.09"]
[Round "8"]
[White "Olenik Campa, Rudi"]
[Black "Bold, Andre"]
[Result "0-1"]
[Board "95"]
[TimeControl "180+1"]
[WhiteFideId "14633264"]
[BlackFideId "16208471"]
[WhiteElo "2592"]
[BlackElo "2446"]
[WhiteTeam "SLO"]
[BlackTeam "GER"]
[WhiteClock "0:01:11"]
[BlackClock "0:01:14"]

1. e4 c6 2. Nc3 d5 3. d4 dxe4 4. Nxe4 Nf6 5. Qd3 Nxe4 6. Qxe4 Qd5 7. Bd3 Qxe4+ 8. Bxe4 Be6 9. f3 Bd5 10. Bd3 g6 11. Ne2 Bg7 12. Be3 O-O 13. O-O c5 14. c3 cxd4 15. Nxd4 a6 16. Rfe1 Nc6 17. Nxc6 Bxc6 18. Bc5 Rfd8 19. Bf1 e6 20. Rad1 Bf8 21. Bb6 Rxd1 22. Rxd1 Be7 23. Kf2 Kf8 24. c4 Ke8 25. b4 Bxb4 26. Bd3 Be7 27. Be4 Bxe4 28. fxe4 Rc8 29. Rc1 Bc5+ 30. Bxc5 Rxc5 31. Rb1 Rxc4 32. Rxb7 Rxe4 33. Rb8+ Ke7 34. Rb7+ Kf6 35. Rb3 Ra4 36. a3 g5 37. g3 h5 38. Rf3+ Kg6 39. Rb3 h4 40. Kf3 hxg3 41. hxg3 f5 42. Kf2 Kf6 43. Kf3 g4+ 44. Kf2 Rc4 45. Ke2 a5 46. Rd3 Rc2+ 47. Ke3 Ke5 48. Rb3 Rg2 49. Rb5+ Kf6 50. Kf4 Rf2+ 0-1